 Dungeon Crawl Stone Soup version 0.26-a0-646-g5d7718319a (webtiles) character file.

Game seed: 13126787477867737572

53 DogServant the Grave Robber (level 3, -1/26 HPs)
             Began as a Ghoul Necromancer on Sept 23, 2020.
             Slain by an adder (2 damage)
             ... on level 2 of the Dungeon.
             The game lasted 00:04:51 (2628 turns).

DogServant the Grave Robber (Ghoul Necromancer)     Turns: 2628, Time: 00:04:51

Health: -1/26      AC:  2    Str: 11    XL:     3   Next: 87%
Magic:  0/5        EV: 12    Int: 11    God:
Gold:   64         SH:  0    Dex:  9    Spells: 4/6 levels left

rFire    . . .     SeeInvis .     - Unarmed
rCold    + . .     Faith    .   (no shield)
rNeg     + + +     Spirit   +   a - +0 robe
rPois    ∞         Reflect  .   (no helmet)
rElec    .         Harm     .   (no cloak)
rCorr    .         Rampage  .   (no gloves)
MR       .....                  (no boots)
Stlth    ++........             g - amulet of guardian spirit
HPRegen  0.00/turn              (no ring)
MPRegen  0.09/turn              (no ring)

@: stab, flying
A: rotting body, claws 1, cold resistance 1, negative energy resistance 3,
inhibited regeneration, torment resistance, unbreathing
a: no special abilities


You were on level 2 of the Dungeon.
You visited 1 branch of the dungeon, and saw 2 of its levels.

You collected 64 gold pieces.

Inventory:

Missiles
 p - 14 poisoned darts (quivered)
Armour
 a - a +0 robe (worn)
 h - a +2 buckler
 l - a +0 leather armour
Jewellery
 g - an amulet of guardian spirit (around neck)
Wands
 o - a wand of flame (30)
Scrolls
 c - a scroll of enchant armour {unknown}
 d - 2 scrolls of identify {unknown}
 f - a scroll of remove curse {unknown}
 i - a scroll of teleportation {unknown}
 j - 3 scrolls of fear {unknown}
 k - a scroll of amnesia {unknown}
Potions
 b - a potion of stabbing
 e - 2 potions of flight
 m - a potion of magic {unknown}
 n - a potion of curing {unknown}


   Skills:
 - Level 1.7 Dodging
 - Level 2.1 Stealth
 + Level 1.8 Unarmed Combat
 + Level 2.4 Spellcasting
 + Level 4.5 Necromancy


You had 4 spell levels left.
You knew the following spells:

 Your Spells              Type           Power        Failure   Level
a - Pain                  Necr           ##..         4%          1
b - Animate Skeleton      Necr           ##....       4%          1

Your spell library contained the following spells:

 Spells                   Type           Power        Failure   Level
 Vampiric Draining        Necr           ##........   13%         3
 Animate Dead             Necr           ##........   41%         4
 Agony                    Necr           ##......     77%         5


Dungeon Overview and Level Annotations

Branches:
Dungeon (2/15)

Altars:


Innate Abilities, Weirdness & Mutations

Your body is rotting away.
You thrive by killing the living.
You are immune to poison.
You have sharp fingernails.
Your flesh is cold resistant. (rC+)
You are immune to negative energy. (rN+++)
You do not regenerate when monsters are visible.
You are immune to unholy pain and torment.
You can survive without breathing.


Message History

You throw a poisoned dart.
The poisoned dart closely misses the adder.
The adder bites you but does no damage.
Casting: Pain (safe; 4% risk of failure)
Confirm with . or Enter, or press ? or * to list all spells.
Aiming: Pain (safe; 4% risk of failure)
Press: ? - help, Shift-Dir - straight line, f/p - adder
Aim: an adder (chance to defeat MR: 73%)
The adder writhes in agony.
The adder bites you but does no damage. The adder bites you.
* * * LOW HITPOINT WARNING * * *
The adder bites you.
* * * LOW HITPOINT WARNING * * *
It was a potion of stabbing.
You feel ready to backstab. The adder closely misses you.
It was a potion of flight.
You feel very buoyant.
You fly up into the air.
The adder bites you.
You die...

#.# #.###.#.#.#...#.#.
#.# #.###.#.#.#.###.#.
###.###(..............#.
#........##....###.####.
#........##.........###.
#........#########..#...
###.###..# #..#.##
###......# #..#.#
#.....#@## ##..#.##
###.....#S# #.......
........#.##### #......#
#####.#.......# #..#####
#.#.......# #......#
#.#.......# #.......
#.#.......# #.......
###.##### #.#..... ...
#.#<....


You could see an adder.

Vanquished Creatures
  An adder (D:2)
  A worm (D:2)
  A dart slug (D:1)
  A leopard gecko (D:2)
  3 bats (D:2)
  3 giant cockroaches
  6 goblins
  8 hobgoblins
  A frilled lizard (D:1)
  5 kobolds
  2 rats (D:2)
32 creatures vanquished.

Vanquished Creatures (collateral kills)
  A worm (D:2)
1 creature vanquished.

Grand Total: 33 creatures vanquished

Notes
Turn   | Place    | Note
-------+----------+-------------------------------------------
     0 | D:1      | DogServant the Ghoul Necromancer began the quest for the
                  | Orb.
     0 | D:1      | Reached XP level 1. HP: 14/14 MP: 2/2
   235 | D:1      | Reached XP level 2. HP: 16/20 MP: 0/3
   670 | D:1      | Reached skill level 1 in Unarmed Combat
  1545 | D:2      | Reached XP level 3. HP: 26/26 MP: 5/5
  1826 | D:2      | Learned a level 1 spell: Animate Skeleton
  2625 | D:2      | HP: 1/26 [adder (5)]
  2628 | D:2      | Slain by an adder

Illustrated notes

Levels and vault maps discovered:
D:1:      scummos_arrival_simple_fountains, layout_basic
D:2:      layout_basic, minivault_14

Skill      XL: |  1  2 |
---------------+-------+-----
Spellcasting   | 2 |  2.4
Unarmed Combat | 1 |  1.8
Dodging        | |  1.7
Stealth        | |  2.1
Necromancy     | |  4.5

Action                   || total
-------------------------++-------
Melee: Unarmed           ||    70
Throw: Dart              ||    12
 Cast: Pain              ||    46
       Animate Skeleton  ||     1
  Use: Potion            ||     2
Armor: Robe              ||    12
Dodge: Dodged            ||    38

Table legend: (Time is in decaauts)
 A = Elapsed time spent in this place.
 B = Non-inter-level travel time spent in this place.
 C = Inter-level travel time spent in this place.
 D = Time resting spent in this place.
 E = Time spent auto-exploring this place.
 F = Levels seen in this place.
 G = Mean time per level.
                   A        B        C        D        E       F      G
               +--------+--------+--------+--------+--------+-----+--------+
         Total |   2625 |   2600 |     25 |   1250 |   1035 |   2 | 1312.5 |
       Dungeon |   2625 |   2600 |     25 |   1250 |   1035 |   2 | 1312.5 |
               +--------+--------+--------+--------+--------+-----+--------+

Top non-repeatable levels by time:
     D:2: 1400 daAuts
     D:1: 1225 daAuts
